 Dungeon Crawl Stone Soup version 0.26.0-10-g1f06aea511 (webtiles) character file.

Game seed: 13454905202293215223

1670 pkoi the Cleaver (level 8, -1/68 HPs)
             Began as a Minotaur Gladiator on Jan 13, 2021.
             Was a Follower of Trog.
             Slain by an ogre
             ... wielding a cursed +0 giant club
              (15 damage)
             ... on level 6 of the Dungeon.
             The game lasted 00:05:52 (5149 turns).

pkoi the Cleaver (Minotaur Gladiator)               Turns: 5149, Time: 00:05:53

Health: -1/68      AC: 10    Str: 21    XL:     8   Next: 69%
Magic:  7/7        EV: 13    Int:  5    God:    Trog [*.....]
Gold:   217        SH:  0    Dex: 18    Spells: 7/7 levels left

rFire    . . .     SeeInvis .   a - +1 war axe
rCold    . . .     Faith    .   (no shield)
rNeg     + . .     Spirit   .   s - +2 ring mail {rPois}
rPois    +         Reflect  .   c - +1 hat
rElec    .         Harm     .   (no cloak)
rCorr    .         Rampage  .   (no gloves)
Will     .....                  m - +0 pair of boots
Stlth    +.........             (no amulet)
HPRegen  0.21/turn              i - ring of positive energy
MPRegen  0.10/turn              p - +6 ring of dexterity

@: no status effects
A: retaliatory headbutt, horns 2
a: Renounce Religion, Berserk


You were on level 6 of the Dungeon.
You worshipped Trog.
Trog was aware of your devotion.
You visited 2 branches of the dungeon, and saw 7 of its levels.

You collected 217 gold pieces.

Inventory:

Hand Weapons
 a - a +1 war axe (weapon)
 v - a +5 flail
Missiles
 d - 3 throwing nets (quivered)
 y - 6 boomerangs
Armour
 c - a +1 hat (worn)
 m - a +0 pair of boots (worn)
 s - a +2 ring mail of poison resistance (worn)
Jewellery
 i - a ring of positive energy (left hand)
 p - a +6 ring of dexterity (right hand)
 q - an uncursed ring of stealth
Wands
 f - a wand of iceblast (9)
 x - a wand of random effects (10)
Scrolls
 h - 3 scrolls of enchant armour
 o - 6 scrolls of identify
 t - a scroll of enchant weapon
 u - a scroll of teleportation
 w - a scroll of remove curse
Potions
 b - 2 potions of attraction {unknown}
 e - 2 potions of brilliance {unknown}
 g - 2 potions of curing {unknown}
 j - a potion of heal wounds {unknown}
 k - 2 potions of might {unknown}
 l - 3 potions of haste {unknown}
 n - 4 potions of cancellation {unknown}
 r - a potion of berserk rage


   Skills:
 + Level 5.1 Fighting
 + Level 10.1 Axes
 + Level 4.2 Throwing
 + Level 4.3 Armour
 - Level 3.2 Dodging
 + Level 3.4 Evocations


You had 7 spell levels left.
You didn't know any spells.
Your spell library was empty.

Dungeon Overview and Level Annotations

Branches:
Dungeon (6/15)             Temple (1/1) D:4

Altars:
Ashenzari
Cheibriados
Dithmenos
Elyvilon
Fedhas
Gozag
Hepliaklqana
Kikubaaqudgha
Makhleb
Nemelex Xobeh
Okawaru
Ru
Sif Muna
Trog
Uskayaw
Vehumet
Wu Jian
Xom
Yredelemnul
Zin
The Shining One

Annotations:
D:3 Sigmund


Innate Abilities, Weirdness & Mutations

You reflexively headbutt those who attack you in melee.
You have a pair of horns on your head.


Message History

You hit the adder.
You kill the adder!
Trog accepts your kill.
You can now go berserk at will.
You slash the orc!
You kill the orc!
Trog accepts your kill.
You hit the orc priest. You hit the ogre. The ogre misses you.
You furiously retaliate!
You headbutt the ogre. The ufetubus closely misses you.
You furiously retaliate!
You headbutt the ufetubus. The ufetubus closely misses you.
An orc comes into view.
The orc shouts!
The ufetubus misses you. The ufetubus closely misses you.
The ufetubus closely misses you.
The ufetubus hits you but does no damage.
There is a stone staircase leading up here.
The ufetubus closely misses you.
The ufetubus hits you but does no damage.
The ogre hits you with a cursed +0 giant club!
You die...

##### ...# ####### ## ...
......############ ... #.#
#................. ....
##.###.###..........# #
##...#...oO.##...######..# #
.........o5@.........##..###
......†..oo...........†.....
......).###.#.#.####.##..###
........# #.#.#.# # ##..# #
........# #.#...# #..# #
..#.#.### #.##### ...# #
...... #.# #.#.# ...... ..#
#.#.. ..##.. ### #.##.


You could see an ogre, an orc priest, 3 orcs and an ufetubus.

Vanquished Creatures
  Grinder (D:5)
  Prince Ribbit (D:5)
  Edmund (D:5)
  Duvessa (D:5)
  An orc warrior (D:6)
  A sky beast (D:5)
  A necrophage (D:6)
  A centaur (D:5)
  Dowan (D:5)
  2 scorpions
  A bullfrog zombie (D:5)
  2 orc priests (D:3)
  2 hounds (D:4)
  A jelly (D:5)
  2 orc wizards
  Jessica (D:3)
  Ijyb (D:3)
  A worker ant (D:4)
  Robin (D:4)
  9 adders
  3 gnolls (D:3)
  An ooze (D:3)
  3 worms
  A dart slug (D:3)
  3 leopard geckos
  10 orcs
  A ball python (D:4)
  A giant cockroach (D:1)
  22 goblins
  5 hobgoblins
  4 quokkas
  A ball python skeleton (D:4)
  5 bats
  4 frilled lizards
  4 kobolds
  2 leopard gecko skeletons
  A leopard gecko zombie (D:5)
  2 quokka skeletons
  6 rats
111 creatures vanquished.

Notes
Turn   | Place    | Note
-------+----------+-------------------------------------------
     0 | D:1      | pkoi the Minotaur Gladiator began the quest for the Orb.
     0 | D:1      | Reached XP level 1. HP: 18/18 MP: 0/0
   212 | D:1      | Reached skill level 4 in Axes
   545 | D:1      | Reached XP level 2. HP: 15/25 MP: 1/1
  1146 | D:2      | Reached skill level 5 in Axes
  1146 | D:2      | Reached XP level 3. HP: 20/30 MP: 2/2
  2198 | D:3      | Reached skill level 6 in Axes
  2198 | D:3      | Reached XP level 4. HP: 35/37 MP: 3/3
  2214 | D:3      | Noticed Sigmund
  2260 | D:3      | Noticed Ijyb
  2265 | D:3      | Killed Ijyb
  2268 | D:3      | Reached XP level 5. HP: 39/42 MP: 4/4
  2327 | D:3      | Reached skill level 7 in Axes
  2381 | D:3      | Noticed Jessica
  2386 | D:3      | Killed Jessica
  2778 | D:4      | Noticed Robin
  2781 | D:4      | Reached skill level 8 in Axes
  2787 | D:4      | Killed Robin
  2841 | D:4      | Reached XP level 6. HP: 50/50 MP: 5/5
  2974 | D:4      | Found a staircase to the Ecumenical Temple.
  2983 | Temple   | Entered the Ecumenical Temple
  3201 | Temple   | Became a worshipper of Trog the Wrathful
  3494 | D:4      | Reached skill level 9 in Axes
  3607 | D:5      | Entered Level 5 of the Dungeon
  3647 | D:5      | Noticed Edmund
  3647 | D:5      | Noticed Prince Ribbit
  3726 | D:5      | Killed Prince Ribbit
  3727 | D:5      | Reached skill level 1 in Armour
  3727 | D:5      | Reached skill level 1 in Evocations
  3727 | D:5      | Reached XP level 7. HP: 52/57 MP: 6/6
  3736 | D:5      | Noticed Duvessa
  3739 | D:5      | Noticed Dowan
  3745 | D:5      | Killed Duvessa
  3751 | D:5      | Killed Dowan
  4044 | D:5      | Killed Edmund
  4045 | D:5      | Reached XP level 8. HP: 22/66 MP: 7/7
  4361 | D:5      | Noticed Grinder
  4363 | D:5      | Paralysed by Grinder for 5 turns
  4372 | D:5      | Paralysed by Grinder for 2 turns
  4408 | D:5      | Killed Grinder
  4985 | D:6      | Reached skill level 10 in Axes
  4993 | D:6      | Reached skill level 5 in Fighting
  5144 | D:6      | Reached * piety under Trog
  5149 | D:6      | Slain by an ogre

Illustrated notes

Levels and vault maps discovered:
D:1:      minmay_arrival_shattered_statue, layout_basic
D:2:      layout_basic, minmay_unequal
D:3:      layout_loops_ring, minmay_shallow_snake_nest, uniq_ijyb, uniq_sigmund,
          uniq_jessica
D:4:      layout_cave_pools, minmay_temple_entry_glassed_door,
          roderic_serpentine_path, uniq_robin
D:5:      layout_basic, lightli_ossuary_entry_decrepit_ruins,
          grunt_ministairs_15, uniq_edmund, uniq_prince_ribbit1, uniq_grinder,
          uniq_duvessa
D:6:      layout_loops_ring, uniq_pikel, uniq_eustachio
Temple:   compressed_dpeg_triangle_lava_temple

Skill      XL: |  1  2  3  4  5  6  7  8 |
---------------+-------------------------+-----
Axes           | 4 5 6 8 9 10 | 10.1
Fighting       | 3 4 5 |  5.1
Armour         | 1 3 4 |  4.3
Evocations     | 1 2 3 |  3.4
Throwing       | 3 4 |  4.2
Dodging        | |  3.2

Action                   |  1- 3 |  4- 6 |  7- 9 || total
-------------------------+-------+-------+-------++-------
Melee: War axe           |    71 |    86 |    26 ||   183
       Headbutt          |    10 |    15 |    24 ||    49
       Flail             |       |       |    45 ||    45
Evoke: Wand              |       |     1 |       ||     1
  Use: Scroll            |       |     7 |       ||     7
 Stab: Sleeping          |     3 |       |       ||     3
Armor: Leather armour    |    16 |       |       ||    16
       Ring mail         |       |    23 |    27 ||    50
Dodge: Dodged            |    39 |    46 |    51 ||   136
